 Dungeon Crawl Stone Soup version 0.31-a0-366-ga77b45bd9b (webtiles) character file.

Game seed: 17584158327324371233

328 Leukar the Magician (level 6, -10/37 (41) HPs)
             Began as a Human Hedge Wizard on July 28, 2023.
             Was an Initiate of Vehumet.
             Mangled by a shadow wraith (24 damage)
             ... created by the anger of Yredelemnul
             ... on level 5 of the Dungeon.
             The game lasted 00:23:01 (8312 turns).

Leukar the Magician (Human Hedge Wizard)            Turns: 8312, Time: 00:23:02

HP:   -10/37 (41)   AC:  3    Str: 10    XL:     6   Next: 80%
MP:   12/13         EV: 13    Int: 16    God:    Vehumet [......]
Gold: 2             SH:  0    Dex: 19    Spells: 3/15 levels left

rFire   . . .        f - +6 dagger (flame)
rCold   . . .        (no shield)
rNeg    . . .        g - +1 robe
rPois   +            c - +0 hat
rElec   .            (no cloak)
rCorr   .            (no gloves)
SInv    .            (no boots)
Will    .....        (no amulet)
Stlth   +++          h - ring of poison resistance
HPRegen 0.26/turn    o - +6 ring of dexterity
MPRegen 0.13/turn

%: no passive effects
@: slowed, drained, very slow
A: no striking features
a: Renounce Religion


You were on level 5 of the Dungeon.
You worshipped Vehumet.
Vehumet was noncommittal.
You visited 1 branch of the dungeon, and saw 5 of its levels.

You collected 232 gold pieces.
You spent 230 gold pieces at shops.

Inventory:

Hand Weapons
 a - a +0 dagger
 f - a +6 dagger of flaming (weapon)
 i - a +3 dagger of electrocution
 k - a +3 flail
 m - a +2 hand axe of electrocution
Armour
 b - a +0 robe
 c - a +0 hat (worn)
 g - a +1 robe (worn)
Jewellery
 h - a ring of poison resistance (left hand)
 o - a +6 ring of dexterity (right hand)
Talismans
 d - a beast talisman
Wands
 l - a wand of digging (1)
Scrolls
 j - 4 scrolls of identify
 n - 2 scrolls of revelation
Potions
 e - a potion of lignification
 p - a potion of heal wounds {unknown}


   Skills:
 + Level 0.4 Short Blades
 + Level 2.7 Dodging
 + Level 4.0 Stealth
 + Level 5.0 Spellcasting
 + Level 2.4 Conjurations
 + Level 1.0 Summonings
 + Level 1.0 Translocations
 + Level 0.1 Shapeshifting


You had 3 spell levels left.
You knew the following spells:

 Your Spells              Type           Power      Damage    Failure   Level
a - Magic Dart            Conj           44%        1d5       5%          1
b - Hailstorm             Conj/Ice       7%         3d4       28%         3
c - Mephitic Cloud        Conj/Pois/Air  6%         N/A       32%         3
d - Slow                  Hex            16%        N/A       16%         1
e - Freeze                Ice            16%        1d4       16%         1
f - Tukima's Dance        Hex            4%         N/A       41%         3

Your spell library contained the following spells:

 Spells                   Type           Power      Damage    Failure   Level
 Blink                    Tloc           14%        N/A       16%         2
 Call Imp                 Summ           14%        N/A       16%         2
 Cigotuvi's Dreadful Rot  Necr/Pois/Air  8%         N/A       22%         2
 Frozen Ramparts          Ice            8%         1d2       41%         3
 Passage of Golubria      Tloc           7%         N/A       69%         4
 Yara's Violent Unravell  Hex/Tmut       2%         3d3       99%         5


Dungeon Overview and Level Annotations

Branches:
Dungeon (5/15)
 Temple: D:4-7

Altars:
Gozag
Vehumet
Xom
Yredelemnul
Zin

Shops:
D:4 ?(


Message History

Found a curved bronze wand.
Found an opulent altar of Gozag.
There is an open door here.
l - a wand of digging (1)
There is an opulent altar of Gozag here.
You kneel at the altar of Gozag.
Gozag does not accept service from beggars like you!
The service fee for joining is currently 79 gold; you only have 2.
There is an open door here.
Found a diamond ring.
Found a stone staircase leading down.
o - a +6 ring of dexterity
Okay, then.
You feel agile.
o - a +6 ring of dexterity (right hand)
There is a stone staircase leading down here.
You climb downwards.
Found a stone staircase leading down.
There is a stone staircase leading up here.
Found an escape hatch in the ceiling.
Found an emerald potion.
p - an emerald potion Yredelemnul sends servants to punish you.
A meliai zombie comes into view.
Something hits you!!
Ouch! That really hurt!
Something drains your vigour!
You feel yourself slow down.
Deactivating autopickup; reactivate with Ctrl-A.
Casting: Magic Dart (safe; 5% risk of failure)
Confirm with . or Enter, or press ? or * to list all spells.
Aiming: Magic Dart (safe; 5% risk of failure)
Press: ? - help, Shift-Dir - straight line, f - meliai zombie
Aim: a meliai zombie (durably summoned, 100% to hit)
The magic dart hits the meliai zombie.
The meliai zombie is lightly damaged.
The meliai zombie misses you. The meliai zombie hits you.
The meliai zombie hits you but does no damage.
The meliai zombie closely misses you. Something hits you!!
Ouch! That really hurt!
You die...
Xom bursts into laughter!

#.........#
#.........#
#.........#
####.........#
#............#
####.<#.........# .
#....##.....<...#
...##
####...###..>......#
#....##.Z@..##
#.........#
#.....####
##.......## #....###
##.....## #.....#.#
####### #..#..#..
..... ### ..... ..##
.#


You could see a meliai zombie.

Vanquished Creatures
  A phantom (D:4)
  A bullfrog zombie (D:4)
  Jessica (D:2)
  An iguana (D:4)
  2 scorpion zombies (D:4)
  5 adders
  An adder zombie (D:4)
  4 dart slugs
  3 orcs
  6 bats
  6 endoplasms
  4 giant cockroaches
  4 hobgoblins
  A quokka (D:3)
  6 ball pythons
  A frilled lizard (D:2)
  9 goblins
  A jackal zombie (D:4)
  5 kobolds
  4 rats
66 creatures vanquished.

Vanquished Creatures (collateral kills)
  An endoplasm (D:4)
1 creature vanquished.

Vanquished Creatures (others)
  An adder zombie (D:4)
1 creature vanquished.

Grand Total: 68 creatures vanquished

Notes
Turn   | Place    | Note
-------+----------+-------------------------------------------
     0 | D:1      | Leukar the Human Hedge Wizard began the quest for the Orb.
     0 | D:1      | Reached XP level 1. HP: 13/13 MP: 4/4
   770 | D:1      | Reached XP level 2. HP: 19/19 MP: 1/6
  1806 | D:1      | Found a faded altar of an unknown god.
  1816 | D:1      | Reached XP level 3. HP: 24/24 MP: 0/8
  2057 | D:1      | Prayed at the altar of an unknown god.
  2057 | D:1      | Became a worshipper of Xom of Chaos
  2383 | D:1      | XOM: silly message
  2776 | D:2      | Learned a level 3 spell: Hailstorm
  2780 | D:2      | Learned a level 3 spell: Mephitic Cloud
  2782 | D:2      | Learned a level 1 spell: Slow
  2784 | D:2      | Learned a level 1 spell: Freeze
  3300 | D:2      | Noticed Jessica
  3312 | D:2      | Killed Jessica
  3313 | D:2      | Reached XP level 4. HP: 30/30 MP: 0/9
  3412 | D:2      | XOM: silly message
  3432 | D:2      | Reached skill level 4 in Spellcasting
  3461 | D:2      | XOM: silly message
  3514 | D:2      | XOM: silly message
  3747 | D:2      | XOM: 1-stop teleportation journey
  4621 | D:2      | Found a shimmering altar of Xom.
  4621 | D:2      | XOM: 10-stop teleportation journey
  4780 | D:3      | Reached XP level 5. HP: 35/35 MP: 4/11
  5037 | D:3      | Learned a level 3 spell: Tukima's Dance
  5639 | D:3      | XOM: stat loss: -1 Int (15/16)
  6171 | D:4      | Found Uqocw's Magic Scroll Shop.
  6265 | D:4      | XOM: 2-stop teleportation journey
  6346 | D:4      | XOM: 5-stop teleportation journey
  6402 | D:4      | XOM: enchant monster (bad)
  6456 | D:4      | Found a basalt altar of Yredelemnul.
  6481 | D:4      | XOM: silly message
  6671 | D:4      | Fell from the grace of Xom
  6671 | D:4      | Became a worshipper of Yredelemnul the Dark
  6685 | D:4      | Reached XP level 6. HP: 38/41 MP: 4/13
  6750 | D:4      | XOM: 1-stop teleportation journey
  6801 | D:4      | XOM: noise
  7053 | D:4      | XOM: draining
  7674 | D:4      | Reached skill level 5 in Spellcasting
  7883 | D:4      | Found Hidoohosa's Weapon Emporium.
  7921 | D:4      | Found a radiant altar of Vehumet.
  7940 | D:4      | Fell from the grace of Yredelemnul
  7940 | D:4      | Became a worshipper of Vehumet
  7951 | D:4      | Bought a scroll of revelation for 82 gold pieces
  7951 | D:4      | Bought a scroll of identify for 22 gold pieces
  7951 | D:4      | Bought a scroll of identify for 22 gold pieces
  7951 | D:4      | Bought a scroll of revelation for 82 gold pieces
  7951 | D:4      | Bought a scroll of identify for 22 gold pieces
  7960 | D:4      | Found a glowing silver altar of Zin.
  7971 | D:4      | XOM: summons 7 hostile demons
  8260 | D:4      | Found an opulent altar of Gozag.
  8290 | D:5      | Entered Level 5 of the Dungeon
  8312 | D:5      | Mangled by a shadow wraith

Illustrated notes

Levels and vault maps discovered:
D:1:      mrwooster_arrival_arrow, layout_loops_ring,
          chequers_ecumenical_altar_simple_redux
D:2:      layout_basic, basic_altar, uniq_jessica, uniq_sigmund
D:3:      layout_basic
D:4:      layout_loops_corners, pdpol_temple_overflow_zin_treasury_gozag_greed,
          mainiacjoe_overflow_24_doors, nicolae_yredelemnul_corpse_copse,
          serial_shops, shop, shop, nicolae_shop_statue_plus
D:5:      layout_rooms, nicolae_houndstooth_variations, uniq_edmund

Skill      XL: |  1  2  3  4  5  6 |
---------------+-------------------+-----
Conjurations   | 2 |  2.4
Spellcasting   | 4 5 |  5.0
Stealth        | 3 4 |  4.0
Short Blades   | |  0.4
Dodging        | |  2.7
Summonings     | |  1.0
Translocations | |  1.0
Shapeshifting  | |  0.1

Action                     |  1- 3 |  4- 6 || total
---------------------------+-------+-------++-------
  Melee: Dagger            |    24 |    68 ||    92
         Punch             |       |     1 ||     1
   Cast: Magic Dart        |    86 |    79 ||   165
         Slow              |     1 |     3 ||     4
         Mephitic Cloud    |     1 |     2 ||     3
         Freeze            |       |     1 ||     1
 Invoke: Recall Undead Har |       |     1 ||     1
    Use: Scroll            |     3 |     6 ||     9
         Potion            |     1 |     1 ||     2
   Stab: Sleeping          |       |     1 ||     1
 Armour: Robe              |    10 |    17 ||    27
  Dodge: Dodged            |    22 |    72 ||    94
         Form:             |       |     1 ||     1
         Beast             |       |     1 ||     1

Table legend: (Time is in decaauts)
 A = Elapsed time spent in this place.
 B = Non-inter-level travel time spent in this place.
 C = Inter-level travel time spent in this place.
 D = Time resting spent in this place.
 E = Time spent auto-exploring this place.
 F = Levels seen in this place.
 G = Mean time per level.
                   A        B        C        D        E       F      G
               +--------+--------+--------+--------+--------+-----+--------+
         Total |   8309 |   8309 |      0 |   6264 |    195 |   5 | 1661.8 |
       Dungeon |   8309 |   8309 |      0 |   6264 |    195 |   5 | 1661.8 |
               +--------+--------+--------+--------+--------+-----+--------+

Top non-repeatable levels by time:
     D:1: 2603 daAuts
     D:4: 2117 daAuts
     D:2: 2029 daAuts
     D:3: 1536 daAuts
     D:5: 22 daAuts
